 Dungeon Crawl Stone Soup version 0.28-a0-823-gb444dcf96d (webtiles) character file.

Game seed: 12296620427705689061

1998 mcbry74 the Chucker (level 9, 0/85 HPs)
             Began as a Troll Hunter on Nov 9, 2021.
             Was a Believer of Qazlal.
             Slain by a killer bee (4 damage)
             ... on level 7 of the Dungeon.
             The game lasted 00:39:10 (6216 turns).

mcbry74 the Chucker (Troll Hunter)                  Turns: 6216, Time: 00:39:11

Health: 0/85       AC:  4    Str: 22    XL:     9   Next: 2%
Magic:  6/10       EV: 10    Int:  7    God:    Qazlal [**....]
Gold:   362        SH:  2    Dex: 13    Spells: 10/10 levels left

rFire   + . .      SeeInvis .     - Unarmed
rCold   + . .      Faith    +   (no shield)
rNeg    . . .      Spirit   .   G - +0 robe {rC+ rF+}
rPois   .          Reflect  .   (helmet restricted)
rElec   .          Harm     .   (no cloak)
rCorr   .          Rampage  .   (gloves unavailable)
Will    .....                   (boots unavailable)
Stlth   +.........              D - amulet of faith
HPRegen 1.24/turn               (no ring)
MPRegen 0.12/turn               (no ring)

@: hasted, very quick
A: large, unfitting armour, claws 3, regeneration 1, shaggy fur 1, tough skin 1
a: Renounce Religion, Upheaval


You were on level 7 of the Dungeon.
You worshipped Qazlal.
Qazlal was pleased with you.
You visited 1 branch of the dungeon, and saw 7 of its levels.

You collected 362 gold pieces.

Inventory:

Missiles
 a - 123 stones
 c - 7 large rocks
 d - a throwing net
 j - 12 poisoned darts
 z - 4 curare-tipped darts
 H - 3 javelins
Armour
 b - a +0 robe
 r - a +2 buckler
 G - a +0 robe of resistance (worn)
Magical Staves
 q - a staff of earth
Jewellery
 y - an amulet of magic regeneration
 D - an amulet of faith (around neck)
Scrolls
 g - a scroll of fog {unknown}
 k - 6 scrolls of identify {unknown}
 l - 2 scrolls of teleportation {unknown}
 m - a scroll of fear {unknown}
 p - a scroll of enchant weapon {unknown}
 s - 2 scrolls of blinking {unknown}
 t - a scroll of vulnerability {unknown}
 u - a scroll of magic mapping {unknown}
 v - a scroll of brand weapon {unknown}
 w - a scroll of immolation {unknown}
 x - 2 scrolls of acquirement {unknown}
 E - a scroll of amnesia {unknown}
Potions
 e - 2 potions of haste
 f - a potion of flight {unknown}
 h - a potion of invisibility {unknown}
 i - a potion of magic {unknown}
 n - 5 potions of curing
 o - a potion of brilliance {unknown}
 A - a potion of resistance {unknown}
 B - a potion of mutation {unknown}
 C - 2 potions of cancellation {unknown}
 F - 2 potions of heal wounds {unknown}


   Skills:
 + Level 4.7 Fighting
 + Level 7.9 Throwing
 + Level 2.1 Dodging
 - Level 0.3 Stealth
 + Level 5.2 Unarmed Combat
 - Level 1.0 Spellcasting
 + Level 3.1 Invocations


You had 10 spell levels left.
You didn't know any spells.
Your spell library contained the following spells:

 Spells                   Type           Power      Damage    Failure   Level
 Blink                    Tloc           0%         N/A       54%         2
 Inner Flame              Hex/Fire       0%         N/A       77%         3
 Cause Fear               Hex            0%         N/A       99%         4
 Manifold Assault         Tloc           0%         N/A       100%        5
 Storm Form               Tmut/Air       0%         N/A       100%        7
 Discord                  Hex            0%         N/A       100%        8


Dungeon Overview and Level Annotations

Branches:
Dungeon (7/15)
 Temple: D:4-7

Altars:
Cheibriados
Qazlal
Wu Jian


Innate Abilities, Weirdness & Mutations

You are too large for most types of armour.
You have claws for hands.
Your natural rate of healing is unusually fast.
You are covered in fur. (AC +1)
You have tough skin. (AC +1)


Message History

Qazlal accepts your kill.
The blast of ice hits the killer bee.
The killer bee is moderately wounded.
The killer bee is flash-frozen.
You feel very sick. You block the killer bee's attack.
The killer bee stings you.
You are more poisoned.
The killer bee poisons you! The killer bee barely misses you.
The killer bee stings you!
You are more poisoned.
The killer bee poisons you!
Your life force feels restored.
You have reached level 9!
Your experience leads to an increase in your attributes!
Increase (S)trength, (I)ntelligence, or (D)exterity?
You feel agile.
You feel stronger.
It was a potion of haste.
You feel yourself speed up.
You feel extremely sick. The killer bee stings you. x2
* * * LOW HITPOINT WARNING * * *
You are more poisoned.
The killer bee poisons you!
The killer bee stings you but does no damage.
You block the killer bee's attack.
You feel very sick.
You feel very sick.
You feel very sick.
The killer bee is no longer encased in ice.
You feel very sick.
You feel very sick.
You feel sick.
You feel sick. The killer bee stings you.
* * * LOW HITPOINT WARNING * * *
* * * LOW HITPOINT WARNING * * *
You feel sick.
It was a potion of curing.
You feel better. The killer bee stings you!
* * * LOW HITPOINT WARNING * * *
The killer bee stings you but does no damage.
The killer bee barely misses you. The killer bee stings you.
You die...

#..).....≈≈≈#...........
#.._♣...≈≈≈≈#......<....
###.......≈≈≈≈#..#......##
##.#........≈≈≈#..#.....###
#..#.........≈≈#..###..## #
##..#..........≈#.## #### #
##...##.##########.# ##
##.....#.#..y.......# #.
####....)......y@.....## #.
..#...................## ##
#..........°...........## ##
##.....†....°°..........## #.
#.........>..........##.)##
#.
##..................####..###
#. ##................##
###..## #. ##..............##
##..###. #.............##
##..#..


You could see 2 killer bees.

Vanquished Creatures
  An orc warrior (D:6)
  The ghost of qborf the Conjurer, an amateur FeCj (D:4)
  A black bear (D:3)
  2 necrophages (D:4)
  2 phantoms
  2 scorpions (D:4)
  A water moccasin zombie (D:3)
  2 water moccasin skeletons
  A killer bee (D:7)
  11 wights
  2 hounds (D:5)
  A bullfrog zombie (D:6)
  A bullfrog skeleton (D:5)
  A jelly (D:6)
  2 centaur skeletons
  An orc priest (D:3)
  2 iguanas
  3 orc wizards
  2 hound zombies
  3 hound skeletons
  7 adders
  7 gnolls
  An adder skeleton (D:3)
  2 worms
  7 orcs
  5 endoplasms
  3 giant cockroaches
  4 goblins
  7 hobgoblins
  3 jackals (D:3)
  3 quokkas
  4 ball pythons
  8 bats
  4 frilled lizards (D:2)
  5 kobolds
  2 quokka skeletons
  4 rats
118 creatures vanquished.

Notes
Turn   | Place    | Note
-------+----------+-------------------------------------------
     0 | D:1      | mcbry74 the Troll Hunter began the quest for the Orb.
     0 | D:1      | Reached XP level 1. HP: 19/19 MP: 0/0
   260 | D:1      | Reached XP level 2. HP: 28/28 MP: 1/1
   773 | D:2      | Reached skill level 4 in Throwing
   788 | D:2      | Reached skill level 1 in Unarmed Combat
   857 | D:2      | Reached XP level 3. HP: 35/35 MP: 2/2
  1282 | D:2      | Found a faded altar of an unknown god.
  1670 | D:3      | Noticed a black bear
  1679 | D:3      | Killed a black bear
  1680 | D:3      | Reached XP level 4. HP: 44/44 MP: 3/3
  1680 | D:3      | Reached XP level 5. HP: 50/50 MP: 4/4
  1840 | D:3      | Reached skill level 5 in Throwing
  2053 | D:3      | Found a stormy altar of Qazlal.
  2073 | D:3      | Became a worshipper of Qazlal Stormbringer
  2336 | D:3      | Reached XP level 6. HP: 59/59 MP: 5/5
  2404 | D:3      | Found a snail-covered altar of Cheibriados.
  2819 | D:4      | Reached skill level 6 in Throwing
  2819 | D:4      | Reached XP level 7. HP: 61/67 MP: 6/6
  2992 | D:4      | Found a large runed translucent door.
  2992 | D:4      | Found a large runed translucent door.
  2996 | D:4      | Noticed qborf's ghost (amateur FeCj)
  3015 | D:4      | Killed qborf's ghost
  3093 | D:4      | Reached * piety under Qazlal
  4203 | D:5      | Entered Level 5 of the Dungeon
  4245 | D:5      | Reached skill level 1 in Spellcasting
  4245 | D:5      | Reached skill level 1 in Invocations
  4356 | D:5      | HP: 3/68 [poisoned by a gnoll]
  4479 | D:5      | Reached XP level 8. HP: 78/78 MP: 8/8
  4814 | D:5      | Reached skill level 7 in Throwing
  5398 | D:6      | Reached ** piety under Qazlal
  5736 | D:6      | Reached skill level 5 in Unarmed Combat
  6163 | D:7      | Found an ornate altar of the Wu Jian Council.
  6207 | D:7      | Reached XP level 9. HP: 36/85 MP: 5/10
  6214 | D:7      | HP: 4/85 [killer bee (4)]
  6216 | D:7      | Slain by a killer bee

Illustrated notes

Levels and vault maps discovered:
D:1:      dpeg_arrival_castle, layout_basic
D:2:      layout_loops_corners, dreamdust_ecumenical_altar_statues,
          minmay_lizard_pond
D:3:      layout_basic, mainiacjoe_overflow_catch_the_wave, serial_undead,
          serial_undead_d, serial_undead_a, serial_undead_d, serial_undead_d,
          serial_undead_d
D:4:      layout_layer_cave, ebering_ghost_disaster_area,
          small_statue_intersection, minmay_misc_feat_enclosed,
          minmay_misc_feat_x
D:5:      layout_rooms
D:6:      layout_cave_pools, small_statue_alley_b, kennysheep_pointless_box
D:7:      layout_cave_pods, nzn_wu_jian_contemplation, minmay_temple_entry_hall,
          kennysheep_generic_room_16

Skill      XL: |  1  2  3  4  5  6  7  8 |
---------------+-------------------------+-----
Throwing       | 4 5 6 7 |  7.9
Unarmed Combat | 1 2 3 4 5 |  5.2
Fighting       | 2 3 4 |  4.7
Spellcasting   | 1 |  1.0
Invocations    | 1 3 |  3.1
Dodging        | 2 |  2.1
Stealth        | |  0.3

Action                   |  1- 3 |  4- 6 |  7- 9 || total
-------------------------+-------+-------+-------++-------
Melee: Unarmed           |    93 |    72 |   189 ||   354
       Punch             |       |       |     4 ||     4
Throw: Stone             |    63 |    57 |   138 ||   258
       Throwing net      |     2 |       |     3 ||     5
       Large rock        |     1 |     3 |     7 ||    11
       Dart              |       |     4 |    12 ||    16
Invok: Upheaval          |       |       |     1 ||     1
  Use: Potion            |       |       |     2 ||     2
 Stab: Held in net/web   |     1 |       |     1 ||     2
Armor: Robe              |    34 |    20 |    33 ||    87
Dodge: Dodged            |    51 |    35 |    92 ||   178
Block: Other             |       |       |     9 ||     9

Table legend: (Time is in decaauts)
 A = Elapsed time spent in this place.
 B = Non-inter-level travel time spent in this place.
 C = Inter-level travel time spent in this place.
 D = Time resting spent in this place.
 E = Time spent auto-exploring this place.
 F = Levels seen in this place.
 G = Mean time per level.
                   A        B        C        D        E       F      G
               +--------+--------+--------+--------+--------+-----+--------+
         Total |   6153 |   5966 |    187 |    162 |   4427 |   7 |  879.0 |
       Dungeon |   6153 |   5966 |    187 |    162 |   4427 |   7 |  879.0 |
               +--------+--------+--------+--------+--------+-----+--------+

Top non-repeatable levels by time:
     D:4: 1545 daAuts
     D:3: 1034 daAuts
     D:2: 941 daAuts
     D:6: 830 daAuts
     D:5: 822 daAuts
     D:1: 701 daAuts
     D:7: 278 daAuts
